 Dungeon Crawl Stone Soup version 0.28-a0-843-gb979743d38 (webtiles) character file.

Game seed: 6836703932172950507

791 Ijustatesigmund the Skirmisher (level 7, -1/48 HPs)
             Began as a Gargoyle Fighter on Nov 12, 2021.
             Slain by a killer bee (8 damage)
             ... on level 6 of the Dungeon.
             The game lasted 00:11:01 (5902 turns).

Ijustatesigmund the Skirmisher (Gargoyle Fighter)   Turns: 5902, Time: 00:11:02

Health: -1/48      AC: 12    Str: 20    XL:     7   Next: 88%
Magic:  7/7        EV:  7    Int: 10    God:
Gold:   231        SH:  8    Dex:  9    Spells: 6/6 levels left

rFire   + . .      SeeInvis .   a - +0 flail
rCold   . . .      Faith    .   c - +0 kite shield
rNeg    + + .      Spirit   .   b - +0 scale mail
rPois   ∞          Reflect  .   (no helmet)
rElec   +          Harm     .   (no cloak)
rCorr   .          Rampage  .   (no gloves)
Will    .....                   (no boots)
Stlth   ..........              (no amulet)
HPRegen 0.16/turn               e - ring of protection from fire
MPRegen 0.10/turn               i - ring of positive energy

@: no status effects
A: sickness immunity, AC +4, negative energy resistance 1, electricity
resistance, torment resistance 1, petrification resistance
a: no special abilities


You were on level 6 of the Dungeon.
You visited 2 branches of the dungeon, and saw 7 of its levels.

You collected 231 gold pieces.

Inventory:

Hand Weapons
 a - a +0 flail (weapon)
Missiles
 m - 2 atropa-tipped darts (quivered)
Armour
 b - a +0 scale mail (worn)
 c - a +0 kite shield (worn)
Jewellery
 e - a ring of protection from fire (left hand)
 i - a ring of positive energy (right hand)
Potions
 f - a potion of attraction
 g - a potion of mutation


   Skills:
 + Level 7.9 Fighting
 + Level 4.2 Maces & Flails
 - Level 4.6 Armour
 + Level 4.1 Shields


You had 6 spell levels left.
You didn't know any spells.
Your spell library contained the following spells:

 Spells                   Type           Power      Damage    Failure   Level
 Scorch                   Fire           0%         2d5       99%         2
 Wereblood                Tmut           0%         N/A       99%         2
 Flame Wave               Conj/Fire      0%         3d3       100%        4
 Summon Cactus Giant      Summ           0%         N/A       100%        6
 Summon Hydra             Summ           0%         N/A       100%        7
 Sublimation of Blood     Necr           Unusable   N/A       N/A         2

Dungeon Overview and Level Annotations

Branches:
Dungeon (6/15)             Temple (1/1) D:5

Altars:
Ashenzari
Elyvilon
Fedhas
Gozag
Hepliaklqana
Kikubaaqudgha
Makhleb
Nemelex Xobeh
Okawaru
Qazlal
Ru
Sif Muna
Trog
Uskayaw
Vehumet
Xom
Yredelemnul
Zin
The Shining One

Annotations:
D:4 Pikel; atomjack's ghost, amateur VSTm
D:5 Dowan; Duvessa; Menkaure


Innate Abilities, Weirdness & Mutations

You are immune to sickness and miasma.
Your stone body is resilient. (AC +4)
You are immune to poison.
You resist negative energy. (rN+)
You are resistant to electric shocks. (rElec)
You are resistant to unholy torment.
You are immune to petrification.


Message History

The killer bee stings you but does no damage.
The boulder beetle curls into a ball and begins rolling!
Your shield prevents you from hitting the killer bee.
The killer bee is lightly wounded.
You start to feel less resistant.
The killer bee stings you. You block the killer bee's attack.
You block the gnoll's attack.
The boulder beetle stops rolling and uncurls.
The killer bee stings you but does no damage.
The gnoll closely misses you.
You closely miss the gnoll. You block the killer bee's attack.
The boulder beetle curls into a ball and begins rolling!
The killer bee barely misses you. You block the gnoll's attack.
The boulder beetle stops rolling and uncurls.
The killer bee closely misses you.
You thump the gnoll!
The gnoll is almost dead.
The sentinel's mark upon you fades away.
The killer bee stings you.
* * * LOW HITPOINT WARNING * * *
The gnoll hits you but does no damage. The killer bee stings you.
* * * LOW HITPOINT WARNING * * *
You closely miss the gnoll.
The gnoll is almost dead.
The killer bee stings you but does no damage.
You block the killer bee's attack. The gnoll barely misses you.
The killer bee barely misses you. You block the gnoll's attack.
You hit the gnoll.
You kill the gnoll!
Your resistance to elements expires.
You block the killer bee's attack. x2
The boulder beetle curls into a ball and begins rolling!
The killer bee closely misses you.
The boulder beetle stops rolling and uncurls.
The gnoll hits you with a +0 club.
* * * LOW HITPOINT WARNING * * *
You hit the gnoll.
The gnoll is lightly wounded.
The killer bee stings you!
You die...

... #.# #Z# #B# #y#
#y# #. #y# #. #@#
##. #g# ..## #5# #
..###K######
#.#.#Z.zZ...Z..
#####.#.#Z#.#######
.............#
######.#.##.# #.#.#
...


You could see a boulder beetle, 3 killer bees, a wight, a gnoll, a shadow imp, a
water moccasin zombie, a centaur zombie and a kobold.

Vanquished Creatures
  Sigmund (D:3)
  Pargi (D:3)
  A necrophage (D:5)
  A lemure (D:4)
  A howler monkey (D:4)
  A bullfrog zombie (D:5)
  An orc priest (D:4)
  3 hounds
  Jessica (D:2)
  2 iguanas (D:4)
  7 adders
  A gnoll (D:6)
  A shadow imp (D:5)
  A dart slug (D:1)
  8 orcs
  5 bats
  4 endoplasms
  7 giant cockroaches
  5 goblins
  7 hobgoblins
  13 jackals
  6 quokkas
  7 ball pythons
  8 frilled lizards
  3 kobolds
  4 rats
100 creatures vanquished.

Vanquished Creatures (others)
  8 plants (D:4)
8 creatures vanquished.

Grand Total: 108 creatures vanquished

Notes
Turn   | Place    | Note
-------+----------+-------------------------------------------
     0 | D:1      | Ijustatesigmund the Gargoyle Fighter began the quest for
                  | the Orb.
     0 | D:1      | Reached XP level 1. HP: 14/14 MP: 1/1
   280 | D:1      | Reached XP level 2. HP: 12/20 MP: 2/2
   289 | D:1      | Reached skill level 4 in Fighting
   961 | D:1      | You fall into a shaft and drop 1 floor!
   979 | D:2      | Reached XP level 3. HP: 24/24 MP: 3/3
  1464 | D:1      | Reached skill level 5 in Fighting
  1996 | D:2      | Found a faded altar of an unknown god.
  1998 | D:2      | Noticed Jessica
  2008 | D:2      | Killed Jessica
  2009 | D:2      | Reached XP level 4. HP: 28/31 MP: 4/4
  2127 | D:2      | Found a blossoming altar of Fedhas.
  2883 | D:3      | Noticed Sigmund
  2897 | D:3      | Killed Sigmund
  2898 | D:3      | Reached skill level 7 in Fighting
  2898 | D:3      | Reached XP level 5. HP: 18/38 MP: 5/5
  2898 | D:3      | Reached XP level 6. HP: 20/44 MP: 6/6
  3213 | D:3      | Noticed Pargi
  3224 | D:3      | Killed Pargi
  3606 | D:4      | Found a stormy altar of Qazlal.
  3611 | D:4      | Found a white marble altar of Elyvilon.
  3632 | D:4      | Found a hide-covered altar of Uskayaw.
  3818 | D:4      | Reached XP level 7. HP: 48/48 MP: 7/7
  3871 | D:4      | Found a runed translucent door.
  3872 | D:4      | Noticed atomjack's ghost (amateur VSTm)
  4184 | D:5      | Entered Level 5 of the Dungeon
  4184 | D:5      | Noticed Pikel
  4184 | D:5      | Found a staircase to the Ecumenical Temple.
  4651 | D:4      | Found a glowing golden altar of the Shining One.
  4730 | D:4      | Found a basalt altar of Yredelemnul.
  4737 | D:4      | Noticed an angel
  5175 | Temple   | Entered the Ecumenical Temple
  5446 | D:5      | Found a broken altar of Ashenzari.
  5742 | D:5      | Found an opulent altar of Gozag.
  5742 | D:5      | Noticed Duvessa
  5742 | D:5      | Noticed Dowan
  5767 | D:5      | Noticed Menkaure
  5894 | D:6      | Noticed a boulder beetle
  5902 | D:6      | Slain by a killer bee

Illustrated notes

Levels and vault maps discovered:
D:1:      mrwooster_arrival_statue, layout_basic
D:2:      layout_basic, basic_altar, chequers_ecumenical_altar_simple,
          uniq_jessica
D:3:      kennysheep_six_static_rooms, layout_basic, uniq_sigmund, uniq_pargi
D:4:      layout_gridville, grunt_temple_overflow_holy_war,
          lemuel_crystal_altar, mainiacjoe_overflow_catwalk_spiral,
          ebering_ghost_sewer_d, minmay_lizard_king
D:5:      layout_cave_pods, mainiacjoe_overflow_six_doors_small,
          mainiacjoe_overflow_surrounded_room, minmay_temple_entry_offerings,
          chequers_serial_rivers_micro_d, ebering_dispersal_statue_hall,
          uniq_menkaure, uniq_duvessa, uniq_pikel
D:6:      layout_loops_ring, old_standard_altar, uniq_crazy_yiuf_cottage
Temple:   minmay_temple_bridge_abc

Skill      XL: |  1  2  3  4  5  6  7 |
---------------+----------------------+-----
Fighting       | 4 5 7 |  7.9
Armour         | 4 |  4.6
Maces & Flails | 3 4 |  4.2
Shields        | 4 |  4.1

Action                   |  1- 3 |  4- 6 |  7- 9 || total
-------------------------+-------+-------+-------++-------
Melee: Flail             |   160 |   127 |   187 ||   474
Throw: Dart              |       |       |     2 ||     2
  Use: Scroll            |       |     6 |     1 ||     7
       Potion            |       |     5 |     6 ||    11
Armor: Scale mail        |   121 |    86 |   176 ||   383
Dodge: Dodged            |    82 |    57 |   122 ||   261
Block: Buckler           |    41 |    26 |    20 ||    87
       Kite shield       |       |       |    95 ||    95

Table legend: (Time is in decaauts)
 A = Elapsed time spent in this place.
 B = Non-inter-level travel time spent in this place.
 C = Inter-level travel time spent in this place.
 D = Time resting spent in this place.
 E = Time spent auto-exploring this place.
 F = Levels seen in this place.
 G = Mean time per level.
                   A        B        C        D        E       F      G
               +--------+--------+--------+--------+--------+-----+--------+
         Total |   6073 |   5964 |    109 |   1409 |   3195 |   7 |  867.6 |
       Dungeon |   5973 |   5864 |    109 |   1409 |   3154 |   6 |  995.5 |
        Temple |     99 |     99 |      0 |      0 |     41 |   1 |   99.0 |
               +--------+--------+--------+--------+--------+-----+--------+

Top non-repeatable levels by time:
     D:1: 1781 daAuts
     D:3: 1399 daAuts
     D:4: 1328 daAuts
     D:2: 761 daAuts
     D:5: 613 daAuts
  Temple: 99 daAuts
     D:6: 89 daAuts
